cohdb
Replays
Latest Replays
All Replays
Popular Replays
Top Player Replays
Match Explorer
How It Works
Community
CoH3 Stats
Reddit
Sign in to upload your games and track your stats! →
Sign in with Steam
Match 42183663
Unlisted
Match 42183663
Overview
Messages
Build Orders
End
Pioneer Squad
Construct Infanterie Kompanie
Grenadier Squad
MG 42 Machine Gun Team
Grenadier Squad
Grenadier Squad
Infanterie Officer Quarters
Construct Panzergrenadier Kompanie
Selects Mechanized Battlegroup
Pak 40 Anti-tank Gun Team
Selects Raid Package
Panzergrenadier Squad
Selects 8 Rad Armored Car
8 Rad Armored Car
MG 42 Machine Gun Team
8 Rad Armored Car
Panzergrenadier Squad
Panzergrenadier Squad
Pioneer Squad
Medical Bunker
251 Medium Carrier
Selects Panther Heavy Tank
Selects Mobile Repair Stations
MadMax
Seven Wives
0
0
Comments
sign in to comment!
No comments posted yet!